 Dungeon Crawl Stone Soup version 0.30-a0-723-gc1506a1cf0 (webtiles) character file.

Game seed: 15454259581791650485

361 juan097 the Insei (level 6, -4/38 HPs)
             Began as an Octopode Transmuter on Jan 28, 2023.
             Slain by an ogre
             ... wielding a +0 giant club
              (21 damage)
             ... on level 5 of the Dungeon.
             The game lasted 00:10:22 (3996 turns).

juan097 the Insei (Octopode Transmuter)             Turns: 3996, Time: 00:10:23

Health: -4/38      AC:  1    Str: 17    XL:     6   Next: 66%
Magic:  9/9        EV: 13    Int: 16    God:
Gold:   246        SH:  0    Dex: 18    Spells: 2/9 levels left

rFire   . . .      SeeInvis .      - Unarmed
rCold   . . .      Faith    .    (no shield)
rNeg    . . .      Spirit   .    (helmet restricted)
rPois   .          Reflect  .    (no amulet)
rElec   .          Harm     .    q - +6 ring of dexterity
rCorr   .          Rampage  .    e - +6 ring of strength
Will    .....                    E - ring of wizardry
Stlth   ++++                     (no ring)
HPRegen 0.26/turn                (no ring)
MPRegen 0.11/turn                (no ring)
                                 (no ring)
                                 (no ring)

@: no status effects
A: almost no armour, amphibious, 8 rings, camouflage 1, gelatinous body 1,
(nimble swimmer 1), tentacles
a: no special abilities


You were on level 5 of the Dungeon.
You visited 1 branch of the dungeon, and saw 5 of its levels.

You collected 246 gold pieces.

Inventory:

Hand Weapons
 b - a +0 sling
 m - a +4 dagger
 z - the +1 flail "Cumam" {venom, Int+5 Dex-2}
   (You found it on level 3 of the Dungeon)

   Int:       It affects your intelligence (+5).
   Dex:       It affects your dexterity (-2).
Missiles
 h - 3 silver boomerangs
 l - 33 stones
 u - 12 poisoned darts
 G - 3 boomerangs
Armour
 x - an orb of light
Magical Staves
 i - a staff of earth
Jewellery
 e - a +6 ring of strength (right tentacle)
 q - a +6 ring of dexterity (left tentacle)
 E - a ring of wizardry (on tentacle)
Wands
 F - a wand of paralysis (9)
Scrolls
 f - 4 scrolls of identify {unknown}
 j - 4 scrolls of blinking {unknown}
 k - 5 scrolls of enchant armour {unknown}
 n - a scroll of fear {unknown}
 o - 3 scrolls of enchant weapon {unknown}
 p - a scroll of noise {unknown}
 r - a scroll of fog {unknown}
 s - 2 scrolls of immolation {unknown}
 v - 3 scrolls of amnesia {unknown}
 w - 3 scrolls of teleportation {unknown}
 y - a scroll of poison {unknown}
 B - a scroll of brand weapon {unknown}
Potions
 a - 2 potions of lignification
 c - a potion of flight {unknown}
 d - a potion of mutation {unknown}
 g - 3 potions of attraction {unknown}
 t - 3 potions of degeneration {unknown}
 A - 3 potions of curing {unknown}
 C - a potion of might {unknown}
 D - a potion of haste {unknown}


   Skills:
 - Level 1.0 Fighting
 - Level 2.0 Dodging
 - Level 4.0 Stealth
 + Level 4.7 Unarmed Combat
 + Level 2.0 Spellcasting
 * Level 3.6 Transmutations
 * Level 3.0 Ice Magic


You had 2 spell levels left.
You knew the following spells:

 Your Spells              Type           Power      Damage    Failure   Level
a - Beastly Appendage     Tmut           26%        N/A       1%          1
b - Wereblood             Tmut           13%        N/A       2%          2
c - Ice Form              Ice/Tmut       12%        N/A       21%         4

Your spell library contained the following spells:

 Spells                   Type           Power      Damage    Failure   Level
 Spider Form              Tmut/Pois      7%         N/A       12%         3


Dungeon Overview and Level Annotations

Branches:
Dungeon (5/15)
 Temple: D:4-7

Altars:
Makhleb

Annotations:
D:3 Sigmund


Innate Abilities, Weirdness & Mutations

You cannot wear most types of armour.
You are amphibious.
You can wear up to eight rings at the same time.
Your skin changes colour to match your surroundings (Stealth+).
Your rubbery body absorbs attacks. (AC +1, EV +1)
((You are camouflaged when in or above water. (Stealth+)))
You have tentacles for arms and can constrict up to eight enemies at once.


Message History

You tentacle-slap the dart slug. You grab the dart slug.
You tentacle-slap the dart slug.
The dart slug is heavily wounded.
You constrict the dart slug. The dart slug bites you.
You tentacle-slap the dart slug.
You kill the dart slug!
Your Ice Magic skill increases to level 3!
You see here a dart slug corpse.
An ogre comes into view. It is wielding a +0 giant club.
The ogre shouts!
Aiming: Paralyse
Press: ? - help, Shift-Dir - straight line, f - ogre
Aim: an ogre, wielding a +0 giant club (chance to affect: 49%)
The ogre resists with some effort.
You barely miss the ogre. Your squeeze misses the ogre. The ogre misses you.
You barely miss the ogre.
Casting: Wereblood (safe; 2% risk of failure)
Confirm with . or Enter, or press ? or * to list all spells.
Okay, then.
You tentacle-slap the ogre but do no damage.
You squeeze the ogre.
The ogre is lightly wounded.
The ogre hits you with a +0 giant club!!
Ouch! That really hurt!
You are too injured to fight recklessly!
You bludgeon the ogre! Your squeeze misses the ogre.
The ogre is moderately wounded.
The ogre barely misses you.
You barely miss the ogre.
The ogre is moderately wounded.
You tentacle-slap the ogre.
The ogre is heavily wounded.
The ogre misses you.
You tentacle-slap the ogre but do no damage.
The ogre is heavily wounded.
You bludgeon the ogre!
The ogre is almost dead.
The ogre hits you with a +0 giant club!!
Ouch! That really hurt!
You die...

######## .......#
#### ######.# #.. #
#.# #.# #
#.#########.# .# #
#........†..##...##
####
###########@.......
##.## #..O.......
..#.# #.#........
##.## #.#.##.....
.)..# # #.# ...##
##..# #.# ..#
#..... ... .#
#.##### #.# ## #.#


You could see an ogre.

Vanquished Creatures
  A phantom (D:5)
  2 hounds (D:4)
  An orc wizard (D:4)
  Robin (D:3)
  A gnoll (D:2)
  6 adders
  An ufetubus (D:3)
  A worm (D:3)
  8 dart slugs
  8 orcs
  5 bats
  8 endoplasms
  A giant cockroach (D:2)
  9 hobgoblins
  6 kobolds
  A quokka (D:2)
  4 ball pythons
  6 frilled lizards
  19 goblins
  4 rats
93 creatures vanquished.

Vanquished Creatures (others)
  5 toadstools (D:5)
5 creatures vanquished.

Grand Total: 98 creatures vanquished

Notes
Turn   | Place    | Note
-------+----------+-------------------------------------------
     0 | D:1      | juan097 the Octopode Transmuter began the quest for the
                  | Orb.
     0 | D:1      | Reached XP level 1. HP: 13/13 MP: 3/3
    45 | D:1      | Reached skill level 1 in Stealth
   185 | D:1      | Reached XP level 2. HP: 18/18 MP: 5/5
   406 | D:1      | Reached XP level 3. HP: 13/23 MP: 6/6
  1281 | D:2      | Reached XP level 4. HP: 19/28 MP: 5/7
  1284 | D:2      | Learned a level 2 spell: Wereblood
  1289 | D:2      | Learned a level 4 spell: Ice Form
  1935 | D:2      | Reached skill level 1 in Ice Magic
  2182 | D:3      | Noticed Sigmund
  2194 | D:3      | Reached XP level 5. HP: 24/33 MP: 6/8
  2633 | D:3      | Identified the +1 flail "Cumam" {venom, Int+5 Dex-2}
  2911 | D:3      | Noticed Robin
  2921 | D:3      | Killed Robin
  3203 | D:4      | Reached XP level 6. HP: 36/38 MP: 9/9
  3307 | D:4      | Found a burning altar of Makhleb.
  3612 | D:5      | Entered Level 5 of the Dungeon
  3996 | D:5      | Slain by an ogre

Illustrated notes

Levels and vault maps discovered:
D:1:      dpeg_arrival_connections, layout_basic
D:2:      minmay_chambers_of_twos, layout_basic, ebering_dispersal_statue_hall,
          minivault_5, wad_woods_river_04, minivault_4
D:3:      layout_loops_ring, uniq_sigmund, uniq_robin
D:4:      layout_cave_pools, mainiacjoe_overflow_chevrons
D:5:      layout_loops_ring, minitemple, minmay_gold_behind_fungi

Skill      XL: |  1  2  3  4  5  6 |
---------------+-------------------+-----
Stealth        | 1 2 3 4 |  4.0
Unarmed Combat | 4 |  4.7
Ice Magic      | 1 2 3 |  3.0
Transmutations | 3 |  3.6
Fighting       | |  1.0
Dodging        | |  2.0
Spellcasting   | |  2.0

Action                     |  1- 3 |  4- 6 || total
---------------------------+-------+-------++-------
  Melee: Unarmed           |    79 |   104 ||   183
         Constrict         |    27 |    25 ||    52
         Tentacles         |    14 |    17 ||    31
         Punch             |     3 |     6 ||     9
         Kick              |     2 |     4 ||     6
   Fire: Sling             |     2 |    19 ||    21
   Cast: Beastly Appendage |     2 |     2 ||     4
         Wereblood         |       |     3 ||     3
  Evoke: Wand              |       |     1 ||     1
   Stab: Sleeping          |     9 |    11 ||    20
 Armour: Skin              |     8 |     2 ||    10
  Dodge: Dodged            |    42 |    52 ||    94

Table legend: (Time is in decaauts)
 A = Elapsed time spent in this place.
 B = Non-inter-level travel time spent in this place.
 C = Inter-level travel time spent in this place.
 D = Time resting spent in this place.
 E = Time spent auto-exploring this place.
 F = Levels seen in this place.
 G = Mean time per level.
                   A        B        C        D        E       F      G
               +--------+--------+--------+--------+--------+-----+--------+
         Total |   3977 |   3758 |    219 |     41 |   2983 |   5 |  795.4 |
       Dungeon |   3977 |   3758 |    219 |     41 |   2983 |   5 |  795.4 |
               +--------+--------+--------+--------+--------+-----+--------+

Top non-repeatable levels by time:
     D:2: 1371 daAuts
     D:1: 856 daAuts
     D:3: 792 daAuts
     D:4: 576 daAuts
     D:5: 380 daAuts
